Map: Orbital Shipyard

Players

WashedUpNub - Winner!

  • Race: Protoss Protoss
  • League: Master

ChitogeBesto

  • Race: Zerg Zerg
  • League: Master

Event: Lycan League Weekly August #2

VOD

Have the link to the VOD?

Description

Time

  • Played on: Aug. 10, 2015, 12:33 p.m.
  • Length: 12:37

All games in this series

Show
View Real Time Build Order
Export as new Build Order

WashedUpNub Protoss - Winner!

Build Orders: 1 Gate Expand, Mass Adepts 

Get SALT Encoding   

  12  0:00  Probe  
  13  0:13  Pylon  
  13  0:18  Probe  
  14  0:31  Probe (Chrono Boost)  
  14  0:35  Gateway  
  15  0:41  Probe (Chrono Boost)  
  16  0:45  Assimilator  
  16  0:48  Probe  
  17  1:00  Probe  
  18  1:13  Probe  
  19  1:22  Cybernetics Core  
  19  1:26  Probe  
  20  1:35  Nexus  
  20  1:38  Probe  
  21  1:44  Pylon  
  21  1:50  Probe  
  22  1:58  Warp Gate (Chrono Boost)  
  22  2:02  Probe, Adept  
  25  2:14  Probe  
  26  2:24  Gateway  
  26  2:26  Gateway  
  26  2:30  Gateway  
  26  2:33  Probe  
  27  2:38  Adept  
  29  2:45  Probe  
  29  2:51  Pylon  
  30  2:54  Probe  
  30  2:57  Probe  
  32  3:06  Probe  
  33  3:15  Probe  
  33  3:18  Probe  
  35  3:27  Probe  
  35  3:28  Adept  
  35  3:29  Adept x3  
  45  3:34  Probe  
  45  3:35  Pylon  
  45  3:40  Probe  
  46  3:46  Probe  
  47  3:52  Probe  
  47  3:54  Adept x4  
  56  4:01  Pylon  
  56  4:03  Pylon  
  56  4:06  Probe x2  
  56  4:09  Assimilator  
  58  4:19  Probe x2  
  58  4:22  Adept x4  
  65  4:31  Probe  
  65  4:32  Probe  
  65  4:34  Assimilator  
  67  4:44  Adept x4  
  75  4:48  Pylon  
  71  5:06  Assimilator  
  73  5:07  Probe x2 (Chrono Boost)  
  73  5:09  Stargate  
  73  5:14  Pylon  
  73  5:15  Probe (Chrono Boost)  
  73  5:16  Probe (Chrono Boost), Pylon  
  75  5:23  Probe  
  76  5:32  Probe (Chrono Boost)  
  76  5:35  Adept x4  
  81  5:41  Probe (Chrono Boost)  
  85  5:44  Probe (Chrono Boost)  
  85  5:48  Probe (Chrono Boost)  
  80  5:51  Nexus  
  80  5:55  Void Ray (Chrono Boost)  
  82  6:01  Adept x3  
  82  6:02  Adept  
  90  6:12  Probe x2  
  90  6:15  Pylon  
  90  6:17  Pylon  
  88  6:22  Pylon  
  88  6:23  Pylon  
  88  6:24  Probe, Robotics Facility  
  88  6:25  Probe  
  90  6:35  Void Ray (Chrono Boost)  
  94  6:42  Probe (Chrono Boost)  
  94  6:43  Probe (Chrono Boost)  
  94  6:46  Pylon  
  92  6:48  Adept x4  
  92  6:53  Probe (Chrono Boost)  
  99  7:03  Probe  
  99  7:05  Probe  
  99  7:07  Void Ray (Chrono Boost)  
  105  7:10  Pylon  
  105  7:12  Observer (Chrono Boost)  
  106  7:15  Probe  
  106  7:17  Probe  
  106  7:19  Forge  
  108  7:26  Immortal (Chrono Boost)  
  108  7:28  Probe  
  113  7:31  Probe x2  
  115  7:40  Probe  
  115  7:41  Void Ray (Chrono Boost)  
  120  7:44  Probe  
  120  7:45  Probe  
  120  7:51  Pylon  
  122  7:52  Protoss Ground Weapons Level 1  
  122  7:53  Photon Cannon  
  122  7:55  Photon Cannon  
  122  7:58  Immortal (Chrono Boost)  
  128  8:00  Probe (Chrono Boost)  
  128  8:01  Probe (Chrono Boost)  
  128  8:02  Mothership Core (Chrono Boost)  
  128  8:04  Assimilator  
  130  8:08  Void Ray (Chrono Boost)  
  130  8:09  Assimilator  
  130  8:12  Pylon  
  131  8:13  Probe (Chrono Boost)  
  134  8:22  Adept  
  134  8:23  Adept x3  
  142  8:28  Twilight Council  
  142  8:30  Pylon  
  142  8:31  Pylon  
  142  8:36  Immortal  
  146  8:42  Probe  
  146  8:47  Void Ray (Chrono Boost)  
  151  8:52  Probe  
  151  8:53  Probe  
  153  8:56  Gateway  
  153  8:57  Gateway  
  153  9:08  Stargate  
  153  9:11  Fleet Beacon  
  153  9:27  Probe x2  
  153  9:28  Immortal  
  159  9:31  Nexus  
  159  9:32  Carrier x2 (Chrono Boost)  
  159  9:34  Pylon  
  159  9:35  Pylon  
  159  9:36  Protoss Air Weapons Level 1 (Chrono Boost)  
  159  9:37  Pylon  
  159  9:38  Pylon  
  159  9:39  Probe x2  
  161  9:48  Pylon  
  161  9:50  Graviton Catapult  
  173  10:06  Protoss Ground Weapons Level 2 (Chrono Boost)  
  173  10:12  Gateway  
  173  10:13  Shield Upgrade  
  173  10:14  Gateway  
  173  10:15  Photon Cannon  
  173  10:18  Probe, Photon Cannon  
  174  10:27  Pylon, Carrier (Chrono Boost)  
  174  10:31  Assimilator  
  174  10:33  Assimilator  
  174  10:35  Carrier (Chrono Boost)  
  174  10:37  Photon Cannon  
  174  10:40  Anion Pulse-Crystals  
  186  10:59  Probe  
  187  11:12  Pylon  
  187  11:16  Gateway  
  187  11:18  Carrier (Chrono Boost)  
  187  11:19  Gateway  
  187  11:22  Pylon  
  187  11:26  Carrier (Chrono Boost)  
  199  11:50  Probe (Chrono Boost)  
  199  11:52  Pylon  
  200  12:01  Pylon  
  200  12:07  Nexus  
  200  12:09  Pylon  
  200  12:10  Pylon  
  191  12:26  Adept x3  
  191  12:27  Adept  
  181  12:32  Adept x2  
  181  12:33  Adept  
Show
View Real Time Build Order
Export as new Build Order

ChitogeBesto Zerg 

Build Orders: Hatch First 

Get SALT Encoding   

  12  0:01  Drone  
  13  0:13  Overlord  
  13  0:22  Drone  
  13  0:27  Drone, Extractor  
  15  0:34  Drone  
  16  0:40  Drone  
  17  0:55  Hatchery  
  16  0:58  Drone  
  16  1:00  Drone  
  18  1:14  Spawning Pool  
  18  1:16  Drone  
  18  1:23  Drone  
  19  1:31  Drone, Extractor  
  19  1:39  Overlord  
  19  2:02  Queen  
  19  2:03  Drone x2  
  23  2:08  Queen  
  23  2:09  Zergling x2  
  26  2:19  Drone x2  
  28  2:31  Drone  
  28  2:32  Drone  
  30  2:42  Queen  
  30  2:43  Hatchery  
  31  2:45  Metabolic Boost  
  31  3:00  Drone x4  
  31  3:01  Overlord  
  35  3:12  Roach Warren  
  35  3:18  Drone x2  
  36  3:25  Drone  
  36  3:26  Drone x4  
  41  3:35  Zergling x4  
  43  3:46  Overlord  
  43  3:49  Zergling x2  
  43  3:52  Spore Crawler  
  43  3:54  Spine Crawler  
  43  4:01  Roach x4  
  43  4:02  Overlord  
  50  4:03  Overlord  
  50  4:12  Roach x2, Extractor  
  50  4:13  Roach x2, Extractor  
  56  4:30  Roach x2  
  56  4:31  Roach  
  57  4:48  Drone x5  
  56  5:03  Lair  
  55  5:12  Roach x4  
  67  5:21  Roach x2  
  67  5:22  Hatchery, Overlord x2  
  66  5:35  Roach  
  68  5:37  Overlord x2  
  56  5:50  Roach x8  
  71  6:03  Queen  
  67  6:11  Glial Reconstitution  
  62  6:23  Drone x3  
  62  6:24  Drone x3, Queen  
  68  6:49  Roach  
  68  6:50  Roach x3  
  72  7:08  Hatchery  
  71  7:10  Drone  
  71  7:11  Drone x2  
  74  7:27  Drone x3  
  74  7:29  Drone x2  
  79  7:34  Zergling x2  
  80  7:39  Hydralisk Den  
  79  7:52  Drone x5  
  79  7:53  Drone x2  
  86  8:00  Ravager x3  
  89  8:07  Extractor  
  89  8:09  Muscular Augments  
  89  8:10  Drone x3  
  90  8:24  Drone  
  90  8:25  Drone x6  
  97  8:31  Overlord  
  97  8:40  Hydralisk x3  
  103  8:56  Infestation Pit  
  103  8:59  Hydralisk x4  
  110  9:18  Hydralisk x2  
  114  9:25  Extractor  
  114  9:26  Extractor, Queen  
  114  9:31  Overlord x4  
  114  9:33  Hive  
  114  10:00  Hatchery  
  114  10:01  Extractor  
  112  10:08  Hydralisk x6  
  124  10:22  Hydralisk  
  124  10:23  Hydralisk x3  
  132  10:31  Drone  
  133  10:40  Overlord x2  
  133  10:50  Viper x2  
  133  10:51  Viper  
  142  10:58  Roach  
  142  10:59  Roach x2  
  142  11:01  Roach  
  150  11:04  Extractor  
  150  11:08  Extractor  
  150  11:10  Roach x2  
  152  11:12  Ravager x2  
  152  11:14  Overlord  
  154  11:26  Roach x3  
  160  11:33  Drone x3  
  160  11:37  Viper  
  166  11:42  Ravager x2  
  166  11:43  Roach  
  166  11:45  Roach  
  172  12:01  Overlord  
  172  12:02  Overlord x2  

Tags
 
Add a new tag
Caveats
  • Supply blocks, unpowered buildings, or Contaminate may cause inaccurate times.
  • Supply counts are checked every 10 seconds.